 Dungeon Crawl Stone Soup version 0.29-a0-234-g0dae59b3db (webtiles) character file.

Game seed: 2063704783411039299

820 HotDog the Cudgeller (level 7, 0/44 HPs)
             Began as a Gargoyle Fighter on Mar 3, 2022.
             Slain by an orc warrior
             ... wielding a +2 mace of venom
              (4 damage)
             ... on level 5 of the Dungeon.
             The game lasted 00:06:31 (5407 turns).

HotDog the Cudgeller (Gargoyle Fighter)             Turns: 5407, Time: 00:06:32

Health: 0/44       AC: 19    Str: 22    XL:     7   Next: 95%
Magic:  0/7        EV:  7    Int:  8    God:
Gold:   241        SH:  9    Dex: 15    Spells: 6/6 levels left

rFire   . . .      SeeInvis +   a - +0 flail
rCold   + . .      Faith    .   e - +0 kite shield
rNeg    + . .      Spirit   +   q - +2 chain mail {rC+}
rPois   ∞          Reflect  .   i - +0 helmet
rElec   +          Harm     .   (no cloak)
rCorr   .          Rampage  .   l - +0 pair of gloves
Will    .....                   (no boots)
Stlth   ..........              d - amulet of guardian spirit
HPRegen 0.14/turn               c - +6 ring of dexterity
MPRegen 0.10/turn               m - ring of see invisible

@: no status effects
A: sickness immunity, AC +4, negative energy resistance 1, electricity
resistance, torment resistance 1, petrification resistance
a: no special abilities


You were on level 5 of the Dungeon.
You visited 1 branch of the dungeon, and saw 6 of its levels.

You collected 241 gold pieces.

Inventory:

Hand Weapons
 a - a +0 flail (weapon)
Armour
 e - a +0 kite shield (worn)
 i - a +0 helmet (worn)
 l - a +0 pair of gloves (worn)
 q - a +2 chain mail of cold resistance (worn)
Jewellery
 c - a +6 ring of dexterity (left hand)
 d - an amulet of guardian spirit (around neck)
 m - a ring of see invisible (right hand)
Wands
 k - a wand of flame (29)
 p - a wand of polymorph (14)
Scrolls
 b - a scroll of magic mapping
 g - 2 scrolls of torment
 h - a scroll of identify
 o - a scroll of enchant armour {unknown}
Potions
 f - a potion of degeneration
 j - 2 potions of brilliance
 n - a potion of invisibility {unknown}


   Skills:
 * Level 4.6 Fighting
 * Level 5.9 Maces & Flails
 * Level 5.3 Armour
 * Level 2.0 Dodging
 * Level 4.9 Shields


You had 6 spell levels left.
You didn't know any spells.
Your spell library was empty.

Dungeon Overview and Level Annotations

Branches:
Dungeon (6/15)
 Temple: D:4-7

Altars:
Cheibriados
Nemelex Xobeh
Okawaru
Sif Muna
Trog


Innate Abilities, Weirdness & Mutations

You are immune to sickness and miasma.
Your stone body is resilient. (AC +4)
You are immune to poison.
You resist negative energy. (rN+)
You are resistant to electric shocks. (rElec)
You are resistant to unholy torment.
You are immune to petrification.


Message History

You kill the gnoll!
The gnoll sergeant hits you from afar with a +0 trident.
Your Dodging skill increases to level 2!
You closely miss the orc warrior.
The orc warrior hits you with a +2 mace of venom.
You hit the orc warrior.
The orc warrior is lightly wounded.
You hit the orc warrior but do no damage.
The orc warrior is lightly wounded.
The orc warrior barely misses you. You block the orc's attack.
The orc warrior hits you but does no damage.
You block the orc's attack.
You closely miss the orc warrior.
The orc warrior is lightly wounded.
The orc warrior hits you with a +2 mace of venom.
You barely miss the orc warrior.
The orc warrior is lightly wounded.
The orc warrior hits you with a +2 mace of venom!
You sock the orc warrior!
The orc warrior is moderately wounded.
The orc warrior hits you but does no damage.
You block the orc's attack.
You hit the orc warrior but do no damage.
The orc warrior is moderately wounded.
The orc warrior hits you with a +2 mace of venom.
You block the orc's attack.
There is a stone staircase leading up here.
The orc warrior hits you with a +2 mace of venom!
* * * LOW HITPOINT WARNING * * *
You climb upwards.
There is a stone staircase leading down here.
You sock the orc warrior!
The orc warrior is severely wounded.
The orc warrior hits you with a +2 mace of venom!
* * * LOW HITPOINT WARNING * * *
You completely miss the orc warrior.
The orc warrior is severely wounded.
The orc warrior hits you but does no damage.
The orc warrior hits you with a +2 mace of venom.
You die...

##############.# #)# ##.###. ###
#.# #.# ##...##. ..#####
#.#######.###.....#. ......####
##.#................. ..###....#
##..#.##.............. .##
#....###.#.#.##.##.##>.......
.####.......###.....##.###.....#.
.##..........#)#o#####...........
...............#@# #######.####
###............#.# #.#
####...##.#..#.# #.#
#...##.#..#.# #.####
#...##.#..#.# #.....
##.###....#.# #####.
#####.###....#.# #.
###..............# #.
...#....####..#### #.


You could see an orc warrior.

Vanquished Creatures
  Sigmund (D:5)
  An ice beast (D:5)
  A centaur (D:5)
  A scorpion (D:5)
  A jelly (D:5)
  3 orc priests
  3 hounds
  2 iguanas
  2 gnolls
  6 adders
  A shadow imp (D:5)
  A white imp (D:5)
  A worm (D:4)
  2 dart slugs
  14 orcs
  7 endoplasms
  A giant cockroach (D:2)
  5 goblins
  7 hobgoblins
  4 quokkas
  8 ball pythons
  A bat (D:1)
  2 frilled lizards (D:3)
  4 kobolds
  3 rats
82 creatures vanquished.

Notes
Turn   | Place    | Note
-------+----------+-------------------------------------------
     0 | D:1      | HotDog the Gargoyle Fighter began the quest for the Orb.
     0 | D:1      | Reached XP level 1. HP: 14/14 MP: 1/1
   413 | D:1      | Reached XP level 2. HP: 19/19 MP: 2/2
   429 | D:1      | You fall into a shaft and drop 1 floor!
   863 | D:2      | Reached XP level 3. HP: 21/23 MP: 3/3
   990 | D:2      | Found a faded altar of an unknown god.
  2012 | D:3      | Reached XP level 4. HP: 20/29 MP: 4/4
  2662 | D:5      | Entered Level 5 of the Dungeon
  2801 | D:5      | Noticed an ice beast
  2810 | D:5      | Killed an ice beast
  2811 | D:5      | Reached skill level 1 in Dodging
  2811 | D:5      | Reached XP level 5. HP: 22/33 MP: 5/5
  2965 | D:5      | Noticed Sigmund
  2976 | D:5      | Killed Sigmund
  2977 | D:5      | Reached XP level 6. HP: 13/38 MP: 6/6
  3328 | D:5      | Reached skill level 5 in Maces & Flails
  3328 | D:5      | Reached XP level 7. HP: 39/44 MP: 7/7
  3799 | D:5      | Reached skill level 5 in Armour
  3843 | D:5      | Found an iron altar of Okawaru.
  3855 | D:5      | HP: 1/44 [orc priest/divine providence (12)]
  4784 | D:4      | Identified the +3 trident "Kecawnuq" {speed, rPois}
  5342 | D:6      | Found a snail-covered altar of Cheibriados.
  5342 | D:6      | Found a sparkling altar of Nemelex Xobeh.
  5345 | D:6      | Found a bloodstained altar of Trog.
  5361 | D:6      | Found a shimmering blue altar of Sif Muna.
  5407 | D:5      | Slain by an orc warrior

Illustrated notes

Levels and vault maps discovered:
D:1:      sevenhm_arrival_forest_fort_small_4, layout_basic, serial_shops, shop
D:2:      layout_basic, nicolae_ecumenical_pavilion
D:3:      layout_rooms
D:4:      layout_basic, chequers_decorated_corner, guppyfry_early_lair_pool
D:5:      layout_loops_ring, okawaru_altar_gauntlet_db, uniq_sigmund
D:6:      layout_basic, mainiacjoe_overflow_alcove_4, mainiacjoe_overflow_paths,
          nicolae_overflow_quartered_altars, nicolae_stop_n_shop_2,
          minmay_holes, chequers_serial_rivers_large_b

Skill      XL: |  1  2  3  4  5  6  7 |
---------------+----------------------+-----
Maces & Flails | 3 4 5 |  5.9
Armour         | 4 5 |  5.3
Dodging        | 1 2 |  2.0
Fighting       | 4 |  4.6
Shields        | 4 |  4.9

Action                   |  1- 3 |  4- 6 |  7- 9 || total
-------------------------+-------+-------+-------++-------
Melee: Flail             |   108 |    60 |   116 ||   284
  Use: Scroll            |     5 |       |     5 ||    10
       Potion            |     1 |     1 |       ||     2
Armor: Scale mail        |    20 |       |       ||    20
       Chain mail        |    55 |    34 |    74 ||   163
Dodge: Dodged            |    40 |    14 |    42 ||    96
Block: Buckler           |    16 |       |       ||    16
       Kite shield       |    26 |    27 |    80 ||   133

Table legend: (Time is in decaauts)
 A = Elapsed time spent in this place.
 B = Non-inter-level travel time spent in this place.
 C = Inter-level travel time spent in this place.
 D = Time resting spent in this place.
 E = Time spent auto-exploring this place.
 F = Levels seen in this place.
 G = Mean time per level.
                   A        B        C        D        E       F      G
               +--------+--------+--------+--------+--------+-----+--------+
         Total |   5509 |   5094 |    415 |   1096 |   3119 |   6 |  918.2 |
       Dungeon |   5509 |   5094 |    415 |   1096 |   3119 |   6 |  918.2 |
               +--------+--------+--------+--------+--------+-----+--------+

Top non-repeatable levels by time:
     D:5: 1962 daAuts
     D:2: 1234 daAuts
     D:3: 948 daAuts
     D:4: 847 daAuts
     D:1: 443 daAuts
     D:6: 73 daAuts
